 Dungeon Crawl Stone Soup version 0.27-a0-1188-g73eefd5def (webtiles) character file.

Game seed: 3740979402435100693

156 Glokmah the Chopper (level 5, -6/42 HPs)
             Began as a Demonspawn Monk on May 22, 2021.
             Was a Believer of Jiyva.
             Mangled by a gnoll
             ... wielding a +0 halberd
              (11 damage)
             ... on level 2 of the Dungeon.
             The game lasted 00:03:41 (3255 turns).

Glokmah the Chopper (Demonspawn Monk)               Turns: 3255, Time: 00:03:42

Health: -6/42      AC:  6    Str: 13    XL:     5   Next: 14%
Magic:  5/5        EV: 12    Int: 11    God:    Jiyva [**....]
Gold:   175        SH:  0    Dex: 15    Spells: 4/4 levels left

rFire    . . .     SeeInvis .   a - +0 hand axe
rCold    . . .     Faith    .   (no shield)
rNeg     . . .     Spirit   .   g - +0 leather armour
rPois    .         Reflect  .   (no helmet)
rElec    .         Harm     .   n - +0 cloak
rCorr    .         Rampage  .   (no gloves)
Will     .....                  (no boots)
Stlth    ++........             (no amulet)
HPRegen  0.14/turn              (no ring)
MPRegen  0.09/turn              (no ring)

@: no status effects
A: molten scales 1, demonic guardian 1
a: Renounce Religion, Request Jelly


You were on level 2 of the Dungeon.
You worshipped Jiyva.
Jiyva was pleased with you.
You visited 1 branch of the dungeon, and saw 2 of its levels.

You collected 175 gold pieces.

Inventory:

Hand Weapons
 a - a +0 hand axe (weapon)
Missiles
 f - 28 poisoned darts (quivered)
Armour
 g - a +0 leather armour (worn)
 n - a +0 cloak (worn)
Wands
 h - a wand of acid (3)
Scrolls
 b - a scroll of blinking {unknown}
 c - 2 scrolls of identify {unknown}
 d - a scroll of fog {unknown}
 i - a scroll of teleportation {unknown}
 j - 2 scrolls of amnesia {unknown}
 l - a scroll of fear {unknown}
Potions
 e - 2 potions of curing {unknown}
 k - a potion of heal wounds {unknown}
 m - a potion of attraction {unknown}


   Skills:
 + Level 4.1 Fighting
 * Level 4.6 Axes
 - Level 2.6 Dodging
 - Level 1.7 Stealth


You had 4 spell levels left.
You didn't know any spells.
Your spell library was empty.

Dungeon Overview and Level Annotations

Branches:
Dungeon (2/15)

Altars:
Jiyva


Innate Abilities, Weirdness & Mutations

You are partially covered in molten scales. (AC +2)
A weak demonic guardian rushes to your aid.


Message History

You finish putting on your +0 cloak.
f - 28 poisoned darts (gained 1)
There is an open translucent door here.
You see here a +2 quarterstaff of chaos.
Okay, then.
You see here a +0 mace.
Magic restored.
There is an open translucent door here.
Items here: )) [ ÷÷.
There is an open door, spattered with blood here.
There is an open door here.
You hear a distant slurping noise.
Jiyva appreciates your sacrifice.
You hear a distant slurping noise.
Jiyva appreciates your sacrifice.
You hear a distant slurping noise.
There is a stone staircase leading up here.
A goblin comes into view. It is wielding a +0 dagger.
The goblin hits you but does no damage.
You hit the goblin.
You kill the goblin!
Items here: ( )) †.
Okay, then.
The gnoll shouts!
A gnoll is nearby!
The gnoll hits you with a +0 halberd!
You hit the gnoll but do no damage. The gnoll misses you.
You hit the gnoll but do no damage. The gnoll barely misses you.
The gnoll hits you with a +0 halberd!
You barely miss the gnoll. The gnoll closely misses you.
You hit the gnoll.
The gnoll is heavily wounded.
The gnoll closely misses you.
You hit the gnoll.
The gnoll is heavily wounded.
The gnoll hits you with a +0 halberd!
* * * LOW HITPOINT WARNING * * *
A demonic guardian appears!
The gnoll hits you from afar with a +0 halberd!
You die...

..#.......#.............g........
#...#####...# .......#.#.#...###.
##.## ##.## .......#.#.........
#.# #.# #....###.###.#.#### #.#
#.# ##...#.....#.#.# #.# #.#
#...#######.#.# ##.##
##.#####...≈≈≈≈≈≈≈.#.#
#...#####...#......#######...#
..#.......#...##@..#.....#.###
#...#####...#.##..5###.###.# #
##.##.####.##.#...g..#.#...# #
..............##.....#.#.### #
#################.#......# ##
#.#......# #. #.######## #. #.#
#. ##.####### #.


You could see a gnoll (ally target) and a friendly quasit (summoned).

Vanquished Creatures
  A hound (D:2)
  Crazy Yiuf (D:2)
  Jessica (D:2)
  Natasha (D:2)
  2 gnolls (D:2)
  A dart slug (D:2)
  3 ball pythons (D:2)
  An endoplasm (D:1)
  5 goblins
  5 hobgoblins
  A quokka (D:1)
  2 bats
  A frilled lizard (D:2)
  6 kobolds
  2 rats (D:1)
33 creatures vanquished.

Vanquished Creatures (collateral kills)
  A ball python (D:1)
1 creature vanquished.

Vanquished Creatures (others)
  Natasha (D:2)
  A giant cockroach (D:2)
  A kobold (D:2)
  A bush (D:2)
  2 fungi (D:2)
  7 plants (D:1)
  4 toadstools (D:2)
17 creatures vanquished.

Grand Total: 51 creatures vanquished

Notes
Turn   | Place    | Note
-------+----------+-------------------------------------------
     0 | D:1      | Glokmah the Demonspawn Monk began the quest for the Orb.
     0 | D:1      | Reached XP level 1. HP: 18/18 MP: 1/1
   208 | D:1      | Gained mutation: A weak demonic guardian rushes to your
                  | aid. [demonic ancestry]
   208 | D:1      | Reached XP level 2. HP: 21/24 MP: 2/2
  1565 | D:2      | Reached XP level 3. HP: 22/29 MP: 3/3
  1735 | D:2      | Noticed Jessica
  1838 | D:2      | Killed Jessica
  1839 | D:2      | Reached XP level 4. HP: 23/37 MP: 4/4
  2391 | D:2      | Found a faded altar of an unknown god.
  2399 | D:2      | Became a worshipper of Jiyva Jaostrer the Shapeless
  2399 | D:2      | Reached * piety under Jiyva
  2399 | D:2      | Reached ** piety under Jiyva
  2407 | D:2      | Noticed Natasha
  2417 | D:2      | Killed Natasha
  2818 | D:2      | Killed Natasha
  2949 | D:2      | Found a runed translucent door.
  2950 | D:2      | Noticed Crazy Yiuf
  2960 | D:2      | Killed Crazy Yiuf
  2961 | D:2      | Gained mutation: You are partially covered in molten
                  | scales. (AC +2) [demonic ancestry]
  2961 | D:2      | Reached XP level 5. HP: 28/42 MP: 3/5
  3255 | D:2      | Mangled by a gnoll

Illustrated notes

Levels and vault maps discovered:
D:1:      ncdulo_wetmaze, layout_basic, serial_forest,
          infiniplex_forest_straight_3, infiniplex_forest_corner_2,
          infiniplex_forest_clump_C, infiniplex_forest_clump_tiny,
          infiniplex_forest_straight_3, infiniplex_forest_clump_double,
          infiniplex_forest_straight_4
D:2:      layout_loops_corners, hellmonk_ecumenical_altar_crossroads,
          minmay_gold_behind_fungi, amcnicky_mini_rare_corridor_liquid,
          minmay_hedge_maze, chequers_avenue, grunt_decor_cap,
          minmay_misc_feat_tower, hangedman_decor_growths, uniq_jessica,
          uniq_crazy_yiuf_cottage, uniq_natasha

Skill      XL: |  1  2  3  4 |
---------------+-------------+-----
Axes           | 3 4 |  4.6
Fighting       | 4 |  4.1
Dodging        | |  2.6
Stealth        | |  1.7

Action                   |  1- 3 |  4- 6 || total
-------------------------+-------+-------++-------
Melee: Hand axe          |    75 |    52 ||   127
Throw: Dart              |       |     1 ||     1
Evoke: Wand              |       |     2 ||     2
 Stab: Sleeping          |     2 |     2 ||     4
Armor: Robe              |     2 |       ||     2
       Leather armour    |     9 |     7 ||    16
Dodge: Dodged            |    26 |    30 ||    56

Table legend: (Time is in decaauts)
 A = Elapsed time spent in this place.
 B = Non-inter-level travel time spent in this place.
 C = Inter-level travel time spent in this place.
 D = Time resting spent in this place.
 E = Time spent auto-exploring this place.
 F = Levels seen in this place.
 G = Mean time per level.
                   A        B        C        D        E       F      G
               +--------+--------+--------+--------+--------+-----+--------+
         Total |   3284 |   3170 |    114 |    704 |   1970 |   2 | 1642.0 |
       Dungeon |   3284 |   3170 |    114 |    704 |   1970 |   2 | 1642.0 |
               +--------+--------+--------+--------+--------+-----+--------+

Top non-repeatable levels by time:
     D:2: 1915 daAuts
     D:1: 1368 daAuts
